 Dungeon Crawl Stone Soup version 0.19.1-1-g22dce08 (webtiles) character file.

1424 theAP the Destroyer (level 8, -1/41 HPs)
             Began as a Deep Elf Conjurer on Jan 7, 2017.
             Was a Follower of Vehumet.
             Slain by a bullfrog (7 damage)
             ... on level 6 of the Dungeon.
             The game lasted 00:23:08 (5301 turns).

theAP the Destroyer (Deep Elf Conjurer)             Turns: 5301, Time: 00:23:09

Health: -1/41      AC:  4    Str:  5    XL:     8   Next: 44%
Magic:  0/22       EV: 13    Int: 23    God:    Vehumet [*.....]
Gold:   100        SH:  0    Dex: 15    Spells: 8 memorised, 3 levels left

rFire  . . .     SeeInvis .     o - staff of cold
rCold  + . .     Gourm    .     a - +0 robe
rNeg   . . .     Faith    +     (no shield)
rPois  .         Spirit   .     (no helmet)
rElec  .         Reflect  .     (no cloak)
rCorr  +         Harm     .     p - +1 pair of gloves
MR     .....                    (no boots)
Stlth  ++........               j - amulet of faith
                                (no ring)
                                i - ring of resist corrosion

@: very slightly contaminated, repel missiles
A: no striking features
a: Renounce Religion


You were on level 6 of the Dungeon.
You worshipped Vehumet.
Vehumet was aware of your devotion.
You were hungry.

You visited 2 branches of the dungeon, and saw 7 of its levels.

You collected 340 gold pieces.
You spent 240 gold pieces at shops.

Inventory:

Armour
 a - a +0 robe (worn)
 p - a +1 pair of gloves (worn)
Magical Staves
 o - an uncursed staff of cold (weapon)
Jewellery
 i - a ring of resist corrosion (left hand)
 j - an amulet of faith (around neck)
Scrolls
 d - a scroll of identify
 h - 4 scrolls of remove curse
 k - 5 scrolls of teleportation
Potions
 e - 2 potions of degeneration
 g - 2 potions of flight {unknown}
 l - a potion of haste
 m - a potion of lignification
 q - a potion of magic {unknown}
 r - 2 potions of curing
Books
 b - a book of Conjurations

   Spells                             Type                      Level
   a - Magic Dart                     Conjuration                  1
   b - Searing Ray                    Conjuration                  2
   c - Dazzling Spray                 Conjuration/Hexes            3
   d - Fulminant Prism                Conjuration/Hexes            4
   e - Iskenderun's Mystic Blast      Conjuration                  4
   f - Iskenderun's Battlesphere      Conjuration/Charms           5
 s - a book of Minor Magic

   Spells                             Type                      Level
   a - Magic Dart                     Conjuration                  1
   b - Blink                          Translocation                2
   c - Call Imp                       Summoning                    2
   d - Repel Missiles                 Charms/Air                   2
   e - Slow                           Hexes                        2
   f - Conjure Flame                  Conjuration/Fire             3
   g - Mephitic Cloud                 Conjuration/Poison/Air       3
Comestibles
 c - 4 bread rations
 f - 2 meat rations


   Skills:
 - Level 2.5 Dodging
 - Level 2.4 Stealth
 + Level 8.2 Spellcasting
 + Level 9.7 Conjurations
 + Level 1.9 Charms
 + Level 0.2 Ice Magic
 - Level 3.1 Poison Magic


You had 3 spell levels left.
You knew the following spells:

 Your Spells              Type           Power        Failure   Level  Hunger
a - Magic Dart            Conj           ####         1%          1    None
b - Searing Ray           Conj           ######       1%          2    None
c - Iskenderun's Mystic   Conj           ######..     1%          4    ###....
d - Iskenderun's Battles  Conj/Chrm      #####...     21%         5    #####..
e - Blink                 Tloc           N/A          12%         2    None
f - Mephitic Cloud        Conj/Pois/Air  ####....     4%          3    None
g - Repel Missiles        Chrm/Air       ##....       10%         2    None
h - Freeze                Ice            ###.         10%         1    None


Dungeon Overview and Level Annotations

Branches:
Dungeon (6/15)             Temple (1/1) D:4

Altars:
Cheibriados
Fedhas
Kikubaaqudgha
Makhleb
Qazlal
Sif Muna
Uskayaw
Vehumet
Xom
Yredelemnul
Zin

Shops:
D:2 *   D:5 :


Message History

Blink to where?
Press: ? - help, Dir - move target cursor, p - bullfrog You are very lightly contaminated with residual magic.
As you read the scroll of blinking, it crumbles to dust.
Casting: Freeze
Confirm with . or Enter, or press ? or * to list all spells.
Aiming: Iskenderun's Mystic Blast
Press: ? - help, Shift-Dir - straight line, f - bullfrog
Aim: a bullfrog (moderately wounded)
The orb of energy misses the bullfrog.
The bullfrog hits you.
* * * LOW HITPOINT WARNING * * *
Casting: Iskenderun's Mystic Blast
Confirm with . or Enter, or press ? or * to list all spells.
Aiming: Magic Dart
Press: ? - help, Shift-Dir - straight line, f/p - bullfrog
Aim: a bullfrog (moderately wounded)
The magic dart hits the bullfrog.
The bullfrog is heavily wounded.
The bullfrog hits you!
You die...

##############
#.........ยง...
#######.###.........
#..@F...#.....#####.
#.#######...........
#.# .............)
##.## .##....<.###..
#...# #.##......# #.
###...###.####.##.#
# #.......#.# #. #..
#.........# #. #.#.
##........## #.
#.##.


You could see a bullfrog.

Vanquished Creatures
  Prince Ribbit (D:5)
  A water moccasin (D:6)
  An ice beast (D:6)
  2 phantoms (D:4)
  2 ogres
  A wyvern zombie (D:5)
  A howler monkey (D:4)
  2 crimson imps (D:5)
  3 hounds
  An orc wizard (D:3)
  An orc priest (D:3)
  Jessica (D:3)
  An iguana (D:4)
  2 worker ants
  6 gnolls
  9 adders
  A shadow imp (D:3)
  5 oozes
  2 adder skeletons (D:5)
  2 worms
  2 dart slugs (D:1)
  3 leopard geckos
  6 orcs
  5 giant cockroaches
  8 hobgoblins
  10 jackals
  3 quokkas
  A ball python skeleton (D:5)
  10 bats
  4 frilled lizards
  4 goblins
  3 kobolds (D:1)
  2 rats (D:1)
106 creatures vanquished.

Notes
Turn   | Place    | Note
-------+----------+-------------------------------------------
     0 | D:1      | theAP the Deep Elf Conjurer began the quest for the Orb.
     0 | D:1      | Reached XP level 1. HP: 10/10 MP: 6/6
    18 | D:1      | Reached XP level 2. HP: 15/15 MP: 0/8
    54 | D:1      | Reached skill level 5 in Conjurations
   431 | D:1      | Reached XP level 3. HP: 14/19 MP: 0/9
   931 | D:2      | Learned a level 2 spell: Searing Ray
   971 | D:2      | Found Zin's Purification Station.
   978 | D:2      | Found a glowing silver altar of Zin.
  1103 | D:2      | Reached XP level 4. HP: 24/24 MP: 7/11
  1655 | D:3      | Found a burning altar of Makhleb.
  1662 | D:3      | Reached skill level 6 in Conjurations
  1814 | D:3      | Noticed an ogre
  1832 | D:3      | Killed an ogre
  1832 | D:3      | Reached XP level 5. HP: 28/28 MP: 3/13
  1988 | D:3      | Reached skill level 7 in Conjurations
  2267 | D:3      | Reached skill level 5 in Spellcasting
  2267 | D:3      | Reached XP level 6. HP: 32/32 MP: 11/15
  2420 | D:3      | Noticed Jessica
  2423 | D:3      | Killed Jessica
  2589 | D:3      | Found a snail-covered altar of Cheibriados.
  2754 | D:3      | Learned a level 4 spell: Iskenderun's Mystic Blast
  2760 | D:3      | Learned a level 5 spell: Iskenderun's Battlesphere
  3087 | D:4      | Reached skill level 8 in Conjurations
  3220 | D:4      | Reached XP level 7. HP: 36/36 MP: 0/18
  3697 | D:4      | Found a staircase to the Ecumenical Temple.
  3706 | Temple   | Entered the Ecumenical Temple
  3742 | Temple   | Became a worshipper of Vehumet
  3958 | D:5      | Entered Level 5 of the Dungeon
  4196 | D:5      | Found Upparis's Book Emporium.
  4358 | D:5      | Reached skill level 9 in Conjurations
  4367 | D:5      | Noticed Prince Ribbit
  4434 | D:5      | Bought a book of Minor Magic for 240 gold pieces
  4437 | D:5      | Learned a level 2 spell: Blink
  4441 | D:5      | Learned a level 3 spell: Mephitic Cloud
  4444 | D:5      | Learned a level 2 spell: Repel Missiles
  4485 | D:5      | Killed Prince Ribbit
  4485 | D:5      | Reached skill level 1 in Poison Magic
  4525 | D:5      | Reached XP level 8. HP: 41/41 MP: 0/21
  4660 | D:5      | Found a faded altar of an unknown god.
  4660 | D:5      | Found a faded altar of an unknown god.
  4671 | D:5      | Found a faded altar of an unknown god.
  4676 | D:5      | Found a deep blue altar of Sif Muna.
  4677 | D:5      | Found a faded altar of an unknown god.
  5224 | D:6      | Reached * piety under Vehumet
  5224 | D:6      | Offered knowledge of Freeze by Vehumet.
  5224 | D:6      | Reached skill level 1 in Charms
  5227 | D:6      | Learned a level 1 spell: Freeze
  5301 | D:6      | Slain by a bullfrog

Skill      XL: |  1  2  3  4  5  6  7  8 |
---------------+-------------------------+-----
Conjurations   | 5 6 7 8 9 |  9.7
Spellcasting   | 4 5 6 7 8 |  8.2
Poison Magic   | 2 3 |  3.1
Charms         | 1 |  1.9
Dodging        | |  2.5
Stealth        | |  2.4
Ice Magic      | |  0.2

Action                   |  1- 3 |  4- 6 |  7- 9 || total
-------------------------+-------+-------+-------++-------
Melee: Staff             |       |       |     3 ||     3
 Cast: Magic Dart        |    53 |    93 |    28 ||   174
       Searing Ray       |       |     5 |       ||     5
       Iskenderun's Myst |       |    11 |    39 ||    50
       Iskenderun's Batt |       |       |     2 ||     2
       Repel Missiles    |       |       |     1 ||     1
       Freeze            |       |       |     2 ||     2
  Use: Scroll            |     2 |     6 |     1 ||     9
       Potion            |       |     2 |     1 ||     3
  Eat: Chunk             |       |     8 |     4 ||    12
       Bread ration      |       |       |     1 ||     1
       Beef jerky        |       |       |     1 ||     1
Armor: Robe              |       |     1 |     7 ||     8
Dodge: Dodged            |       |     9 |    28 ||    37
